 Dungeon Crawl Stone Soup version 0.21-a0-578-gc6e9d75 (webtiles) character file.

7 4thArraOfDagon the Skirmisher (level 1, -2/20 HPs)
             Began as a Minotaur Abyssal Knight on Dec 18, 2017.
             Was an Initiate of Lugonu.
             Slain by a goblin (4 damage)
             ... led by Robin
             ... on level 3 of the Dungeon.
             The game lasted 00:01:21 (237 turns).

4thArraOfDagon the Skirmisher (MiAK)                 Turns: 237, Time: 00:01:22

Health: -2/20      AC:  4    Str: 16    XL:     1   Next: 91%
Magic:  1/1        EV: 11    Int:  9    God:    Lugonu [......]
Gold:   30         SH:  0    Dex: 11    Spells: 0/0 levels left

rFire    . . .     SeeInvis .   a - +1 falchion
rCold    . . .     Gourm    .   (no shield)
rNeg     . . .     Faith    .   b - +0 leather armour
rPois    .         Spirit   .   (helmet unavailable)
rElec    .         Reflect  .   (no cloak)
rCorr    .         Harm     .   f - +0 pair of gloves
MR       .....                  (no boots)
Stlth    +.........             (no amulet)
HPRegen  0.06/turn              (no ring)
MPRegen  0.07/turn              (no ring)

@: very slightly contaminated
A: retaliatory headbutt, horns 3, agile 1, subdued magic 1
a: Renounce Religion


You were on level 3 of the Dungeon.
You worshipped Lugonu.
Lugonu was noncommittal.
You were not hungry.

You visited 1 branch of the dungeon, and saw 3 of its levels.
You visited the Abyss 1 time.

You collected 30 gold pieces.

Inventory:

Hand Weapons
 a - a +1 falchion (weapon)
Armour
 b - a +0 leather armour (worn)
 f - a +0 pair of gloves (worn)
Comestibles
 c - a ration


   Skills:
 + Level 3.7 Fighting
 * Level 2.8 Long Blades
 + Level 2.6 Armour
 + Level 1.3 Dodging
 + Level 1.9 Invocations


You couldn't memorise any spells.
You didn't know any spells.

Dungeon Overview and Level Annotations

Branches:
Dungeon (3/15)

Altars:

Annotations:
D:3 Robin


Innate Abilities, Weirdness & Mutations

You reflexively headbutt those who attack you in melee.
You have a pair of large horns on your head.
You are agile. (Dex +2)
Your spells are a little easier to cast, but a little less powerful.


Message History

The kobold shouts! x2
The goblin hits you but does no damage.
The goblin moves out of view.
The kobold throws a stone.
The stone hits you but does no damage. The goblin hits you but does no damage.
The hobgoblin moves out of view.
A hobgoblin comes into view. It is wielding a club.
The goblin hits you with a club.
* * * LOW HITPOINT WARNING * * *
The hobgoblin moves out of view.
Unknown command.
Unknown command.
It was a potion of mutation.
You feel extremely strange. The horns on your head grow some more.
Your connection to magic feels subdued.
You feel agile. The goblin hits you but does no damage.
Robin roars a battlecry!
The goblins go into a battle-frenzy!
Unknown command.
Unknown command.
The goblin hits you.
You die...

K#.#.!g#.#.#.###
.....#.......#
#.#.. #.#w#..##
.... #......#
#..####.#.#g.#
.........##.#
#.#.#.#.####.#
....gg.K####.#


.#ggggg@g.# ...gKg######## #.#K. ... #.# . You could see Robin, 2 hobgoblins, 7
goblins and 2 kobolds.

Vanquished Creatures
  A goblin (D:2)
  2 hobgoblins
  A ball python (D:2)
  A frilled lizard (D:1)
  2 kobolds (D:1)
  A rat (D:1)
8 creatures vanquished.

Notes
Turn   | Place    | Note
-------+----------+-------------------------------------------
     0 | Abyss:1  | 4thArraOfDagon the Minotaur Abyssal Knight began the quest for the Orb.
     0 | Abyss:1  | Reached XP level 1. HP: 19/19 MP: 1/1
    43 | Abyss:1  | Noticed a large abomination
    56 | Abyss:1  | Noticed a small abomination
    65 | Abyss:1  | Noticed an ancient zyme
    67 | D:1      | Escaped the Abyss
   233 | D:3      | Noticed Robin
   234 | D:3      | HP: 1/20 [goblin/club[Robin] (4)]
   236 | D:3      | Gained mutation: You have a pair of large horns on your head. [potion of mutation]
   236 | D:3      | Gained mutation: Your spells are a little easier to cast, but a little less powerful. [potion of mutation]
   236 | D:3      | Gained mutation: You are agile. (Dex +2) [potion of mutation]
   237 | D:3      | Slain by a goblin

Vault maps used:
D:1:      eino_arrival_cavern_b, nicolae_ashenzari_panopticon
D:2:      makhleb_blood_cavern_becter
D:3:      hangedman_decor_riveting, uniq_sigmund, uniq_crazy_yiuf_cottage,
          uniq_robin

Action                   || total
-------------------------++-------
Melee: Falchion          ||    11
Invok: Depart the Abyss  ||     1
  Use: Scroll            ||     1
       Potion            ||     1
Armor: Leather armour    ||     7
Dodge: Dodged            ||     2

Table legend:
 A = Spawn XP
 B = Non-spawn XP
 C = Spawn XP percentage of total XP
 D = Spawn monster count
 E = Non-spawn monster count
 F = Spawn count percentage of total count
 G = Total turns spent on level
                    A         B        C        D         E        F      G
               +---------+---------+-------+---------+---------+-------+---------
         Total |       0 |      11 |   0.0 |       0 |       8 |   0.0 |   237
               +---------+---------+-------+---------+---------+-------+---------
           D:1 |       0 |       6 |   0.0 |       0 |       5 |   0.0 |    81
           D:2 |       0 |       5 |   0.0 |       0 |       3 |   0.0 |    59
               +---------+---------+-------+---------+---------+-------+---------
